 Dungeon Crawl Stone Soup version 0.28-a0-1412-gf95308ed99 (webtiles) character file.

Game seed: 12200294540014034549

647 Armakuni the Twirler (level 7, -1/61 HPs)
             Began as a Demigod Gladiator on Jan 6, 2022.
             Slain by a gnoll shaman (3 damage)
             ... on level 4 of the Dungeon.
             The game lasted 00:06:01 (3448 turns).

Armakuni the Twirler (Demigod Gladiator)            Turns: 3448, Time: 00:06:02

Health: -1/61      AC:  6    Str: 19    XL:     7   Next: 6%
Magic:  9/9        EV: 11    Int: 14    God:
Gold:   64         SH:  0    Dex: 15    Spells: 6/6 levels left

rFire   . . .      SeeInvis .   a - +1 quarterstaff (freeze)
rCold   . . .      Faith    .   (shield currently unavailable)
rNeg    . . .      Spirit   .   h - +0 ring mail
rPois   .          Reflect  .   n - +0 helmet
rElec   .          Harm     .   m - scarf {repulsion}
rCorr   .          Rampage  .   (no gloves)
Will    .....                   (no boots)
Stlth   +.........              (no amulet)
HPRegen 0.20/turn               (no ring)
MPRegen 0.11/turn               (no ring)

@: about to teleport, repel missiles
A: high mp 1, forlorn, divine attributes
a: no special abilities


You were on level 4 of the Dungeon.
You visited 1 branch of the dungeon, and saw 4 of its levels.

You collected 64 gold pieces.

Inventory:

Hand Weapons
 a - a +1 quarterstaff of freezing (weapon)
Missiles
 d - a throwing net
 f - 3 javelins (quivered)
Armour
 h - a +0 ring mail (worn)
 m - a scarf of repulsion (worn)
 n - a +0 helmet (worn)
Wands
 v - a wand of flame (9)
Scrolls
 c - a scroll of immolation
 g - a scroll of amnesia
 j - a scroll of noise
Potions
 e - a potion of might


   Skills:
 - Level 5.0 Fighting
 + Level 6.1 Staves
 - Level 1.7 Throwing
 - Level 2.6 Dodging


You had 6 spell levels left.
You didn't know any spells.
Your spell library was empty.

Dungeon Overview and Level Annotations

Branches:
Dungeon (4/15)
 Temple: D:4-7

Shops:
D:2 *


Innate Abilities, Weirdness & Mutations

You have an increased reservoir of magic. (+10% MP)
You shall have no god before yourself.
Your divine heritage dramatically boosts your attributes as you level up.


Message History

The gnoll shaman hits you with a +0 club!
The phantom barely misses you. The gnoll hits you with a +0 whip.
You sock the phantom!
You destroy the phantom!
The gnoll barely misses you. The gnoll shaman barely misses you.
Your Staves skill increases to level 6!
You have reached level 7!
You thump the gnoll! You freeze the gnoll.
You kill the gnoll!
Something hits you but does no damage.
The gnoll shaman hits you with a +0 club.
You hit the gnoll shaman. You freeze the gnoll shaman.
The gnoll shaman is lightly wounded.
Something hits you but does no damage. The gnoll shaman barely misses you.
You closely miss the gnoll shaman.
The gnoll shaman is lightly wounded.
Something hits you but does no damage. The gnoll shaman barely misses you.
You hit the gnoll shaman. You freeze the gnoll shaman.
The gnoll shaman is severely wounded.
You hear some strange, mumbled words.
A magic dart appears from out of thin air!
The magic dart hits you.
* * * LOW HITPOINT WARNING * * *
The gnoll shaman closely misses you.
An orc comes into view. It is wielding a +0 club.
A kobold comes into view. It is wielding a +0 short sword.
A magic dart appears from out of thin air!
The magic dart hits you!
* * * LOW HITPOINT WARNING * * *
You feel better.
The gnoll shaman hits you with a +0 club!
* * * LOW HITPOINT WARNING * * *
You hit the gnoll shaman but do no damage.
The gnoll shaman is heavily wounded.
The gnoll shaman hits you with a +0 club!
* * * LOW HITPOINT WARNING * * *
As you read the scroll of teleportation, it crumbles to dust.
You feel strangely unstable.
The gnoll shaman hits you with a +0 club.
You die...

*,*,*,*,*,*,o.g......o>....#
,*,*,*,*,*,******#...#.#****
*,*,*,*,*,*,* #K..#.#
,*,*,*,*,*,** #...#.#
*,*,*,*,*,*,* #.).#.#
,*,*,*,*,*,*** #...#.#
*,*,*,*,*,*,,* #...#.#
,*,*,*,*,#.#.#####...#.#
*,*^*,*,*,#.....@g...#.####
,*,*,*,*,#.#..#####..#....#
*,*,*,*,*,#.,,,* #..#..#.#
,*,*,*,*,*,*,*,* #..#..#.#
*,*,*,*,*,*..#.#* #.....#.#
,*,*,*,*,*,*.#..###.##.##[#
*,*,*,*,*+*,...).......##.#
,*,*,*,*,,,,,...###.#####.#
*,*,*,*,,,,,,,,..*#.# #.#


You could see a gnoll shaman.

Vanquished Creatures
  Grinder (D:3)
  An ogre (D:4)
  A phantom (D:4)
  A water moccasin skeleton (D:3)
  3 orc priests (D:3)
  A centaur skeleton (D:3)
  Jessica (D:3)
  Natasha (D:3)
  A gnoll (D:4)
  2 adders
  2 worms (D:3)
  10 orcs
  An endoplasm (D:1)
  6 goblins
  8 hobgoblins
  3 quokkas
  4 ball pythons
  2 bats
  5 frilled lizards
  7 kobolds
  3 rats
64 creatures vanquished.

Vanquished Creatures (others)
  51 plants (D:3)
51 creatures vanquished.

Grand Total: 115 creatures vanquished

Notes
Turn   | Place    | Note
-------+----------+-------------------------------------------
     0 | D:1      | Armakuni the Demigod Gladiator began the quest for the Orb.
     0 | D:1      | Reached XP level 1. HP: 17/17 MP: 3/3
   449 | D:1      | Reached skill level 3 in Staves
   702 | D:1      | Reached XP level 2. HP: 24/24 MP: 4/4
   933 | D:2      | Found Hunumot's General Store.
  1497 | D:3      | Reached XP level 3. HP: 9/31 MP: 5/5
  1816 | D:3      | Noticed Grinder
  1836 | D:3      | Paralysed by Grinder for 4 turns
  1844 | D:3      | Reached XP level 4. HP: 38/38 MP: 6/6
  1852 | D:3      | Paralysed by Grinder for 2 turns
  1863 | D:3      | Killed Grinder
  1864 | D:3      | Reached skill level 4 in Staves
  1864 | D:3      | Reached XP level 5. HP: 31/46 MP: 7/7
  2004 | D:3      | Noticed Jessica
  2014 | D:3      | Killed Jessica
  2209 | D:3      | Reached XP level 6. HP: 52/53 MP: 8/8
  2234 | D:3      | Reached skill level 5 in Staves
  3031 | D:3      | Noticed Natasha
  3037 | D:3      | Killed Natasha
  3367 | D:4      | Reached skill level 5 in Fighting
  3437 | D:4      | Reached skill level 6 in Staves
  3437 | D:4      | Reached XP level 7. HP: 25/61 MP: 9/9
  3447 | D:4      | HP: 1/61 [gnoll shaman (8)]
  3448 | D:4      | Slain by a gnoll shaman

Illustrated notes

Levels and vault maps discovered:
D:1:      lightli_arrival_quake, layout_rooms,
          chequers_ecumenical_altar_simple_redux
D:2:      layout_rooms, serial_shops, shop
D:3:      layout_rooms, grunt_decor_fettered, serial_bayou_lagoon_a,
          uniq_jessica, uniq_natasha, uniq_grinder
D:4:      layout_basic, okawaru_trees_1, lightli_temple_of_fire,
          minmay_misc_feat_five

Skill      XL: |  1  2  3  4  5  6 |
---------------+-------------------+-----
Fighting       | 2 3 4 5 |  5.0
Staves         | 3 4 6 |  6.1
Throwing       | |  1.7
Dodging        | |  2.6

Action                   |  1- 3 |  4- 6 |  7- 9 || total
-------------------------+-------+-------+-------++-------
Melee: Quarterstaff      |    92 |   101 |     5 ||   198
Throw: Throwing net      |       |     3 |       ||     3
       Javelin           |       |     3 |       ||     3
Evoke: Wand              |       |     2 |       ||     2
  Use: Scroll            |     7 |     2 |     1 ||    10
       Potion            |       |     1 |     1 ||     2
 Stab: Held in net/web   |       |     1 |       ||     1
Armor: Leather armour    |    18 |       |       ||    18
       Ring mail         |    21 |    37 |     3 ||    61
Dodge: Dodged            |    58 |    49 |     3 ||   110

Table legend: (Time is in decaauts)
 A = Elapsed time spent in this place.
 B = Non-inter-level travel time spent in this place.
 C = Inter-level travel time spent in this place.
 D = Time resting spent in this place.
 E = Time spent auto-exploring this place.
 F = Levels seen in this place.
 G = Mean time per level.
                   A        B        C        D        E       F      G
               +--------+--------+--------+--------+--------+-----+--------+
         Total |   3482 |   3421 |     61 |   1342 |   1283 |   4 |  870.5 |
       Dungeon |   3482 |   3421 |     61 |   1342 |   1283 |   4 |  870.5 |
               +--------+--------+--------+--------+--------+-----+--------+

Top non-repeatable levels by time:
     D:2: 1314 daAuts
     D:3: 1113 daAuts
     D:1: 791 daAuts
     D:4: 262 daAuts
